 Dungeon Sprint DCSS version 0.28.0-53-g5a82cb258f (webtiles) character file.

Game seed: 6322921788489869288

3717 Zeld the Severer (level 9, -1/100 HPs)
             Began as a Minotaur Berserker on June 14, 2022.
             Was the Champion of Trog.
             Slain by a snapping turtle (16 damage)
             ... in the Dungeon (Sprint VII: "The Pits").
             The game lasted 00:02:25 (2041 turns).

Zeld the Severer (Minotaur Berserker)               Turns: 2041, Time: 00:02:26

Health: -1/100     AC: 17    Str: 26    XL:     9   Next: 92%
Magic:  2/2        EV: 11    Int:  4    God:    Trog [******]
Gold:   0          SH:  0    Dex: 10    Spells: 8/8 levels left

rFire   . . .      SeeInvis .   a - +6 battleaxe (antimagic)
rCold   . . .      Faith    .   (shield currently unavailable)
rNeg    . . .      Spirit   .   b - +2 plate armour
rPois   .          Reflect  .   (helmet restricted)
rElec   .          Harm     .   (no cloak)
rCorr   .          Rampage  .   (no gloves)
Will    .....      NoTele   +   (no boots)
Stlth   ..........              (no amulet)
HPRegen 0.26/turn               (no ring)
MPRegen 0.08/turn               (no ring)

@: no status effects
A: horns 2, retaliatory headbutt
a: Renounce Religion, Berserk, Trog's Hand, Brothers in Arms


You were in the Dungeon.
You worshipped Trog.
Trog was exalted by your worship.
You visited 1 branch

Inventory:

Hand Weapons
 a - a +6 antimagic battleaxe (weapon)
Armour
 b - a +2 plate armour (worn)
Scrolls
 h - a scroll of blinking
 j - a scroll of summoning
Potions
 c - 8 potions of curing
 d - 16 potions of heal wounds
 e - a potion of haste
 f - 4 potions of magic
 g - 4 potions of berserk rage
 i - 2 potions of invisibility


   Skills:
 * Level 16.1 Fighting
 * Level 16.2 Axes
 + Level 11.6 Armour
 + Level 10.7 Dodging


You had 8 spell levels left.
You didn't know any spells.
Your spell library was empty.

Dungeon Overview and Level Annotations

Branches:
Dungeon (1/1)

Altars:
Ashenzari
Cheibriados
Dithmenos
Elyvilon
Fedhas
Gozag
Hepliaklqana
Kikubaaqudgha
Makhleb
Nemelex Xobeh
Okawaru
Qazlal
Ru
Sif Muna
Trog
Uskayaw
Vehumet
Wu Jian
Xom
Yredelemnul
Zin
The Shining One
Beogh
Jiyva
Lugonu

Annotations:
D Dowan, Duvessa, Sonja


Innate Abilities, Weirdness & Mutations

You have a pair of horns on your head.
You reflexively headbutt those who attack you in melee.


Message History

You barely miss the troll.
The troll is heavily wounded.
The troll bites you! The troll claws you but does no damage.
The troll barely misses you. The snapping turtle barely misses you.
Unknown command.
You slash the troll!
You kill the troll!
Trog accepts your kill.
The troll leather armour is intact enough to wear.
You completely miss Sonja. Sonja hits you but does no damage.
Space warps horribly around you! Sonja barely misses you.
Sonja hits you with a +0 short sword of distortion.
Dowan zaps a wand.
The puff of flame hits you but does no damage.
The snapping turtle closely misses you.
Unknown command.
Unknown command.
You slice Duvessa!! You headbutt Duvessa, but do no damage.
Duvessa is severely wounded.
You closely miss Sonja.
Sonja hits you with a +0 short sword of distortion.
Space warps horribly around you! Sonja barely misses you.
Sonja hits you but does no damage.
Dowan gestures wildly while chanting.
Dowan blinks!
Duvessa hits you but does no damage.
The snapping turtle bites you from afar!
Sonja completely misses you. Sonja hits you but does no damage.
Sonja misses you.
You slash Duvessa!
Duvessa is almost dead.
You completely miss Sonja. Sonja hits you but does no damage.
Space warps horribly around you!!
* * * LOW HITPOINT WARNING * * *
Sonja hits you but does no damage. Space warps horribly around you!
* * * LOW HITPOINT WARNING * * *
Sonja hits you with a +0 short sword of distortion.
* * * LOW HITPOINT WARNING * * *
Duvessa hits you but does no damage.
The snapping turtle bites you from afar!
You die...

..<...##..# ##.##
......##..# ##...##
......##..####.....#
......##...##......#
########..÷.)......+ +
########...##......# .#
.#..[[##..####.....# .##
.#..[[##..##.##.K.##...#
.'..))##..##.t##@##.K...
.#=)).##..# #..#e#....§.
.#..))##..# #.t.§.e#
########### ########


You could see a snapping turtle, Duvessa and Sonja.

Vanquished Creatures
  A flayed ghost (D)
  A black mamba (D)
  An unseen horror (D)
  A red devil (D)
  A polar bear (D)
  A troll (D)
  Prince Ribbit (D)
  4 blink frogs (D)
  A jumping spider (D)
  A flying skull (D)
  A fire bat (D)
  2 floating eyes (D)
  An ice beast (D)
  An ogre (D)
  A wolf (D)
  2 phantoms (D)
  An iguana (D)
  A mummy (D)
  A river rat (D)
  An ufetubus (D)
  A bat skeleton (D)
  2 giant cockroaches (D)
  A goblin (D)
  A kobold (D)
  A quokka (D)
  3 ball pythons (D)
  2 bats (D)
  A frilled lizard (D)
  A quokka zombie (D)
38 creatures vanquished.

Notes
Turn   | Place    | Note
-------+----------+-------------------------------------------
     0 | D        | Zeld the Minotaur Berserker began the quest for the Orb.
     0 | D        | Reached XP level 1. HP: 19/19 MP: 0/0
    27 | D        | Noticed a fire bat
    31 | D        | Killed a fire bat
    32 | D        | Reached skill level 5 in Armour
    32 | D        | Reached XP level 2. HP: 31/35 MP: 1/1
    32 | D        | Reached XP level 3. HP: 36/40 MP: 2/2
    32 | D        | Reached XP level 4. HP: 43/48 MP: 3/3
    34 | D        | Reached ** piety under Trog
    94 | D        | Reached skill level 5 in Dodging
    94 | D        | Reached XP level 5. HP: 34/53 MP: 4/4
    97 | D        | Found a bloodstained altar of Trog.
    97 | D        | Found a shimmering blue altar of Sif Muna.
    97 | D        | Found a viscous altar of Jiyva.
    97 | D        | Found a hazy altar of Hepliaklqana.
    97 | D        | Found an opulent altar of Gozag.
    98 | D        | Found a glowing golden altar of the Shining One.
    98 | D        | Found a glowing silver altar of Zin.
    98 | D        | Found a basalt altar of Yredelemnul.
    98 | D        | Found a shimmering altar of Xom.
    98 | D        | Found an ornate altar of the Wu Jian Council.
    98 | D        | Found a sacrificial altar of Ru.
    98 | D        | Found a stormy altar of Qazlal.
    98 | D        | Found an iron altar of Okawaru.
    98 | D        | Found a sparkling altar of Nemelex Xobeh.
    98 | D        | Found a burning altar of Makhleb.
    98 | D        | Found a blossoming altar of Fedhas.
    98 | D        | Found a white marble altar of Elyvilon.
    98 | D        | Found a shadowy altar of Dithmenos.
    98 | D        | Found a snail-covered altar of Cheibriados.
    99 | D        | Found a radiant altar of Vehumet.
    99 | D        | Found a corrupted altar of Lugonu.
   100 | D        | Found a hide-covered altar of Uskayaw.
   100 | D        | Found an ancient bone altar of Kikubaaqudgha.
   100 | D        | Found a broken altar of Ashenzari.
   217 | D        | Noticed a floating eye
   219 | D        | Reached *** piety under Trog
   220 | D        | Killed a floating eye
   257 | D        | Noticed a floating eye
   261 | D        | Killed a floating eye
   262 | D        | Reached skill level 10 in Fighting
   262 | D        | Reached skill level 10 in Axes
   262 | D        | Reached XP level 6. HP: 66/66 MP: 5/5
   263 | D        | Reached **** piety under Trog
   554 | D        | Noticed an ice beast
   573 | D        | Killed an ice beast
   573 | D        | Reached ***** piety under Trog
   574 | D        | Reached XP level 7. HP: 68/74 MP: 6/6
   723 | D        | Noticed a flying skull
   731 | D        | Killed a flying skull
  1229 | D        | Noticed Prince Ribbit
  1243 | D        | Received a gift from Trog
  1251 | D        | Killed Prince Ribbit
  1252 | D        | Reached XP level 8. HP: 58/85 MP: 7/7
  1373 | D        | Noticed a jumping spider
  1373 | D        | Noticed a red devil
  1386 | D        | Killed a red devil
  1388 | D        | Killed a jumping spider
  1658 | D        | Noticed a flayed ghost
  1658 | D        | Noticed a black mamba
  1658 | D        | Noticed a blink frog
  1658 | D        | Noticed a blink frog
  1658 | D        | Noticed a blink frog
  1658 | D        | Noticed a blink frog
  1658 | D        | Noticed a polar bear
  1669 | D        | Killed an unseen horror
  1670 | D        | Reached skill level 10 in Armour
  1670 | D        | Killed a black mamba
  1671 | D        | Reached XP level 9. HP: 64/96 MP: 8/8
  1675 | D        | Killed a flayed ghost
  1675 | D        | Reached ****** piety under Trog
  1675 | D        | Received a gift from Trog
  1676 | D        | Reached skill level 15 in Fighting
  1676 | D        | Reached skill level 15 in Axes
  1676 | D        | Reached skill level 10 in Dodging
  1679 | D        | Killed a polar bear
  2031 | D        | Noticed a troll
  2032 | D        | Noticed Duvessa
  2032 | D        | Noticed Dowan
  2032 | D        | Noticed Sonja
  2039 | D        | Killed a troll
  2041 | D        | Slain by a snapping turtle

Illustrated notes

Levels and vault maps discovered:
D:        pitsprint [storerooms_1, entrance_room_1, metal_vault_3, armoury_1,
          mini_pit_1, grid_room_1, main_hall_1, silver_pit, the_coven_3,
          the_vestibule_1, steel_vault_2, golden_pit, hallway_of_sentries,
          crystal_vault_1, iron_vault_1, final_vault]

Skill      XL: |  1  2  3  4  5  6  7  8  9 |
---------------+----------------------------+-----
Fighting       | 7 10 11 12 14 16 | 16.1
Axes           | 7 10 11 12 14 16 | 16.2
Armour         | 5 6 7 9 10 11 | 11.6
Dodging        | 4 5 6 7 8 9 10 | 10.7

Action                   |  1- 3 |  4- 6 |  7- 9 || total
-------------------------+-------+-------+-------++-------
Melee: Hand axe          |     2 |    26 |    49 ||    77
       Headbutt          |       |     6 |    13 ||    19
       Punch             |       |       |     2 ||     2
       Broad axe         |       |       |    23 ||    23
       Battleaxe         |       |       |     7 ||     7
Invok: Berserk           |     1 |       |     2 ||     3
 Stab: Sleeping          |       |     1 |       ||     1
Armor: Animal skin       |     3 |     1 |       ||     4
       Plate armour      |       |     4 |    65 ||    69
Dodge: Dodged            |     2 |    14 |    32 ||    48
